 Dungeon Crawl Stone Soup version 0.11.0-9-gb634444 (webtiles) character file.

2880 Blashyrkh the Sneak (level 9, 0/49 HPs)
             Began as a High Elf Wizard on Feb 22, 2013.
             Was a Believer of Sif Muna.
             Shot with an arrow by a centaur (14 damage)
             ... on Level 6 of the Dungeon on Feb 23, 2013.
             The game lasted 00:48:12 (11708 turns).

Blashyrkh the Sneak (High Elf Wizard)              Turns: 11708, Time: 00:48:12

HP   0/49        AC  5     Str 11      XL: 9   Next: 22%
MP  22/25        EV 14     Int 26      God: Sif Muna [**....]
Gold 346         SH  0     Dex 13      Spells:  6 memorised,  4 levels left

Res.Fire  : . . .   See Invis. : .   m - +0 whip (flame)
Res.Cold  : + . .   Warding    : .   D - +1 orc leather armour {rC+}
Life Prot.: . . .   Conserve   : .   (no shield)
Res.Poison: .       Res.Corr.  : .   b - +0 elf wizard hat
Res.Elec. : .       Clarity    : +   (no cloak)
Sust.Abil.: + .     Spirit.Shd : .   f - +0 pair of gauntlets
Res.Mut.  : .       Stasis     : .   (no boots)
Res.Rott. : .       Ctrl.Telep.: .   x - amulet of clarity
Saprovore : . . .   Levitation : .   h - +5 ring of strength Ctrl.Flight: .
                                     o - ring of sustain abilities {unknown}

@: somewhat resistant to hostile enchantments, quite stealthy
A: Dex -1
a: Channel Energy, Forget Spell, Renounce Religion


You were on level 6 of the Dungeon.
You worshipped Sif Muna.
Sif Muna was most pleased with you.
You were not hungry.

You visited 1 branch of the dungeon, and saw 8 of its levels.

You collected 326 gold pieces.

Inventory:

Hand weapons
 a - a +0,+0 bow
 k - a +1,+0 elven short sword
 m - a +0,+0 whip of flaming (weapon)
 v - a +2,+0 elven long sword
Missiles
 e - 25 stones (quivered)
 q - 2 darts
 G - 15 arrows
 H - 17 poisoned needles
Armour
 b - a +0 elven wizard hat (worn)
 f - a +0 pair of gauntlets (worn)
 w - a +2 elven leather armour of magic resistance
 D - a +1 orcish leather armour of cold resistance (worn)
Magical devices
 j - a wand of slowing (14) {unknown}
 n - a wand of polymorph other (8)
Comestibles
 d - 2 bread rations
 g - a rotting chunk of gnoll flesh
 B - a meat ration
Scrolls
 t - 2 scrolls of enchant weapon II
 z - 7 scrolls of remove curse
 A - 2 scrolls of recharging {unknown}
 I - a scroll of enchant weapon I
 J - a scroll of fear
Jewellery
 h - a +5 ring of strength (right hand)
 o - a ring of sustain abilities (left hand) {unknown}
 r - a cursed amulet of conservation {unknown}
 s - a -3 ring of protection
 x - an amulet of clarity (around neck)
 y - an uncursed amulet of rage {unknown}
 F - an uncursed amulet of faith {unknown}
Potions
 i - 2 potions of restore abilities
 l - a potion of magic {unknown}
 p - 3 potions of agility
 u - a potion of confusion {unknown}
 E - a potion of speed {unknown}
Books
 c - a book of Minor Magic

   Spells                             Type                      Level
   *Magic Dart                        Conjuration                  1
   *Blink                             Translocation                2
   *Call Imp                          Summoning                    2
   Repel Missiles                     Charms/Air                   2
   Slow                               Hexes                        2
   *Conjure Flame                     Conjuration/Fire             3
   *Mephitic Cloud                    Conjuration/Poison/Air       3
 C - a book of Wizardry

   Spells                             Type                      Level
   Summon Elemental                   Summoning                    4
   Agony                              Necromancy                   5
   *Lightning Bolt                    Conjuration/Air              5
   Fireball                           Conjuration/Fire             5
   Haste                              Charms                       6
   Invisibility                       Hexes                        6


   Skills:
 - Level 1.2 Armour
 + Level 5.7 Dodging
 + Level 6.6 Stealth
 + Level 6.3 Spellcasting
 + Level 5.8 Conjurations
 - Level 1.6 Summonings
 - Level 1.5 Translocations
 - Level 3.8 Fire Magic
 + Level 4.4 Air Magic


You had 4 spell levels left.
You knew the following spells:

 Your Spells              Type           Power        Failure   Level  Hunger
a - Magic Dart            Conj           #####        1%          1    None
b - Call Imp              Summ           ####......   8%          2    None
c - Conjure Flame         Conj/Fire      #####....    3%          3    None
d - Mephitic Cloud        Conj/Pois/Air  #####....    6%          3    None
e - Blink                 Tloc           N/A          8%          2    None
f - Lightning Bolt        Conj/Air       #####.....   28%         5    ####...


Dungeon Overview and Level Annotations

Branches:
Dungeon (8/27)                Orc (0/4) D:6
 Temple: D:4-7         Lair: D:8-13

Altars:
Sif Muna
Zin
the Shining One

Annotations
D:6 exclusion: downstairs
D:7 exclusion: upstairs
D:8 exclusion: electric eel


Innate Abilities, Weirdness & Mutations

You are clumsy (Dex -1).


Message History

You see here an arrow.
Casting: Mephitic Cloud
Confirm with . or Enter, or press ? or * to list all spells.
There are no visible monsters within range! (Use Z to cast anyway.)
The centaur shoots an arrow.
The arrow misses you.
Casting: Mephitic Cloud
Confirm with . or Enter, or press ? or * to list all spells.
Aiming: Mephitic Cloud
Press: ? - help, Shift-Dir - straight line, p - centaur The beam explodes into a vile cloud!
The stinking cloud engulfs the centaur.
The centaur shoots an arrow.
The arrow misses you.
The centaur shoots an arrow.
The arrow hits you!
* * * LOW HITPOINT WARNING * * *
Casting: Mephitic Cloud
Confirm with . or Enter, or press ? or * to list all spells.
Aiming: Mephitic Cloud
Press: ? - help, Shift-Dir - straight line, f - you
Okay, then.
The centaur shoots an arrow.
The arrow hits you!
You die...

#######.#
..........
########<#
#.........
##############
####.###.#
#.....c§.....#
#...
###...)§§§.....#
#......
........§§.....#
#######
#........@...#
####..)......(..#
..............(.#
#...##.#'########
# #..(.§#######
###...)§......
#.#.####### .#
.#§#§.....# #.#
#...§§§.####.#
#.#


You could see a centaur.

Vanquished Creatures
  Pikel (D:5)
  A wyvern (D:5)
  An ice beast (D:6)
  3 ogres
  An orc warrior (D:7)
  3 slaves (D:5)
  5 centaurs
  A gnoll sergeant (D:6)
  Blork the orc (D:6)
  A giant frog (D:6)
  A quasit (D:8)
  A shadow (D:8)
  2 hounds
  2 iguanas
  A scorpion (D:5)
  2 worker ants (D:6)
  5 orc wizards
  A jelly (D:5)
  9 gnolls
  8 adders
  An iguana zombie (D:7)
  A shadow imp (D:6)
  4 worms
  2 giant geckos
  13 orcs
  9 goblins
  12 hobgoblins
  6 jackals
  2 quokkas
  A ball python (D:2)
  9 bats
  A giant cockroach (D:2)
  7 giant newts
  A hobgoblin zombie (D:6)
  15 kobolds
  An orc zombie (D:6)
  14 rats
  3 toadstools
152 creatures vanquished.

Vanquished Creatures (collateral kills)
  An orange demon (D:6)
  An ogre (D:4)
  A rotting devil (D:6)
  2 hounds (D:4)
  A worker ant (D:4)
  4 adders
  A worm (D:4)
  An orc (D:7)
  A hobgoblin (D:4)
  A jackal (D:6)
  A giant newt (D:2)
  A hobgoblin skeleton (D:6)
  3 kobolds
19 creatures vanquished.

Vanquished Creatures (others)
  8 crimson imps
  4 white imps
  A hobgoblin (D:2)
  A giant newt zombie (D:2)
  A goblin (D:4)
  2 quokkas (D:5)
  9 toadstools
26 creatures vanquished.

Grand Total: 197 creatures vanquished

Notes
Turn   | Place    | Note
--------------------------------------------------------------
     0 | D:1      | Blashyrkh, the High Elf Wizard, began the quest for the Orb.
     0 | D:1      | Reached XP level 1. HP: 9/9 MP: 6/6
   510 | D:1      | Reached XP level 2. HP: 15/15 MP: 6/8
  1245 | D:2      | Reached XP level 3. HP: 8/19 MP: 5/11
  1530 | D:2      | Learned a level 2 spell: Blink
  1534 | D:2      | Learned a level 2 spell: Call Imp
  1539 | D:2      | Learned a level 3 spell: Conjure Flame
  1573 | D:2      | Reached skill level 1 in Summonings
  1648 | D:2      | Reached skill level 4 in Spellcasting
  2114 | D:2      | Reached skill level 1 in Fire Magic
  2518 | D:3      | Reached XP level 4. HP: 21/25 MP: 13/15
  3993 | D:4      | Noticed an ogre
  4515 | D:4      | Found a glowing silver altar of Zin.
  4755 | D:4      | Reached XP level 5. HP: 29/29 MP: 11/17
  4766 | D:4      | Learned a level 3 spell: Mephitic Cloud
  4816 | D:5      | Entered Level 5 of the Dungeon
  5097 | D:4      | Noticed an ogre
  5142 | D:4      | Killed an ogre
  5734 | D:4      | Killed an ogre
  5734 | D:4      | Reached XP level 6. HP: 35/35 MP: 6/19
  6146 | D:5      | Found a deep blue altar of Sif Muna.
  6251 | D:5      | Became a worshipper of Sif Muna the Loreminder
  6270 | D:5      | Gained mutation: You are clumsy (Dex -1). [a hobgoblin/wand of polymorph other]
  6372 | D:5      | Noticed a slave
  6848 | D:6      | Reached XP level 7. HP: 35/39 MP: 7/21
  7034 | D:5      | Noticed a wyvern
  7184 | D:5      | Killed a wyvern
  7184 | D:5      | Reached skill level 1 in Armour
  7184 | D:5      | Reached skill level 1 in Air Magic
  7386 | D:5      | Noticed an ogre
  7396 | D:5      | Killed an ogre
  7396 | D:5      | Reached skill level 5 in Spellcasting
  7501 | D:5      | Found a glowing golden altar of the Shining One.
  7655 | D:5      | Noticed a slave
  7667 | D:5      | Noticed a slave
  7694 | D:5      | Killed a slave
  7764 | D:5      | Reached skill level 5 in Stealth
  7851 | D:5      | Noticed a slave
  7876 | D:5      | Killed a slave
  7958 | D:5      | Killed a slave
  8163 | D:5      | Noticed Pikel
  8173 | D:5      | Killed Pikel
  8173 | D:5      | Acquired Sif Muna's first power
  8173 | D:5      | Reached XP level 8. HP: 45/45 MP: 3/23
  8560 | D:6      | Noticed an orange demon
  8775 | D:7      | Reached skill level 5 in Dodging
  9078 | D:7      | Reached skill level 5 in Conjurations
  9121 | D:7      | Learned a level 5 spell: Lightning Bolt
  9245 | D:6      | Noticed an orange demon
  9281 | D:6      | Found a staircase to the Orcish Mines.
  9543 | D:6      | Reached skill level 6 in Stealth
  9937 | D:6      | Killed an orange demon
 10056 | D:6      | Acquired Sif Muna's second power
 10056 | D:6      | Reached XP level 9. HP: 49/49 MP: 16/25
 10179 | D:6      | Noticed an orange demon
 11567 | D:6      | Noticed Blork the orc
 11575 | D:6      | HP: 1/49 [centaur/arrow (16)]
 11575 | D:6      | Killed Blork the orc
 11708 | D:6      | Shot with an arrow by a centaur
